 Dungeon Crawl Stone Soup version 0.26.0-10-g1f06aea511 (webtiles) character file.

Game seed: 16224079972837881098

214 vatarom the Ruffian (level 5, -3/47 HPs)
             Began as a Ghoul Monk on Feb 2, 2021.
             Killed from afar by Natasha (5 damage)
             ... with a magic dart
             ... on level 3 of the Dungeon.
             The game lasted 00:04:53 (3088 turns).

vatarom the Ruffian (Ghoul Monk)                    Turns: 3088, Time: 00:04:54

Health: -3/47      AC:  3    Str: 15    XL:     5   Next: 91%
Magic:  4/4        EV: 12    Int:  6    God:
Gold:   102        SH:  0    Dex: 11    Spells: 4/4 levels left

rFire    . . .     SeeInvis .     - Unarmed
rCold    + . .     Faith    .   (no shield)
rNeg     + + +     Spirit   .   e - +0 leather armour
rPois    ∞         Reflect  .   (no helmet)
rElec    .         Harm     .   (no cloak)
rCorr    .         Rampage  .   (no gloves)
Will     .....                  (no boots)
Stlth    ++........             (no amulet)
HPRegen  0.00/turn              (no ring)
MPRegen  0.09/turn              (no ring)

@: no status effects
A: claws 1, cold resistance 1, negative energy resistance 3, inhibited
regeneration, torment resistance, unbreathing
a: no special abilities


You were on level 3 of the Dungeon.
You visited 1 branch of the dungeon, and saw 3 of its levels.

You collected 102 gold pieces.

Inventory:

Armour
 a - a +0 robe
 b - a +2 chain mail of cold resistance
 e - a +0 leather armour (worn)


   Skills:
 + Level 4.4 Fighting
 + Level 1.6 Armour
 - Level 3.1 Dodging
 - Level 2.1 Stealth
 * Level 5.4 Unarmed Combat


You had 4 spell levels left.
You didn't know any spells.
Your spell library was empty.

Dungeon Overview and Level Annotations

Branches:
Dungeon (3/15)

Altars:
Dithmenos
Elyvilon
Wu Jian

Annotations:
D:2 1 runed translucent door, Crazy Yiuf
D:3 Natasha


Innate Abilities, Weirdness & Mutations

You thrive by killing the living.
You are immune to poison.
You have sharp fingernails.
Your flesh is cold resistant. (rC+)
You are immune to negative energy. (rN+++)
You do not regenerate when monsters are visible.
You are immune to unholy pain and torment.
You can survive without breathing.


Message History

Natasha hisses angrily.
Things that are here:
a +0 club; a +0 spear; a gnoll corpse Natasha claws you.
* * * LOW HITPOINT WARNING * * *
You scratch Natasha.
Natasha is moderately wounded.
Natasha closely misses you.
You scratch Natasha.
Natasha is severely wounded.
You scratch Natasha but do no damage.
Natasha is severely wounded.
Natasha casts a spell at you. The magic dart hits you!
* * * LOW HITPOINT WARNING * * *
You scratch Natasha but do no damage.
Natasha is severely wounded.
Natasha casts a spell at you. The magic dart hits you.
You die...

#.......# .######
#......(# .. ........#
# .. ........#.# .#
........#. # .........
# ........# ..### # #h#
#.#.#### #@# #.#.††..
#.# #.#.####
#.#########.#.....
######.........#.##....
#.........####.#.##....
#......................
#..............#.##....
#..............#.#.....
#..............#.#.....


You could see Natasha.

Vanquished Creatures
  Terence (D:2)
  A worker ant (D:3)
  8 gnolls (D:3)
  2 adders (D:2)
  4 worms
  A dart slug (D:1)
  An orc (D:3)
  A ball python (D:2)
  3 giant cockroaches (D:1)
  8 goblins
  7 hobgoblins
  2 quokkas (D:2)
  11 bats
  3 frilled lizards
  6 kobolds
  4 rats (D:2)
63 creatures vanquished.

Vanquished Creatures (others)
  A quokka (D:2)
1 creature vanquished.

Grand Total: 64 creatures vanquished

Notes
Turn   | Place    | Note
-------+----------+-------------------------------------------
     0 | D:1      | vatarom the Ghoul Monk began the quest for the Orb.
     0 | D:1      | Reached XP level 1. HP: 19/19 MP: 0/0
   142 | D:1      | Reached XP level 2. HP: 23/26 MP: 1/1
   512 | D:1      | Reached XP level 3. HP: 29/31 MP: 2/2
   514 | D:1      | Reached skill level 4 in Unarmed Combat
  1556 | D:2      | Noticed Terence
  1910 | D:2      | Found a white marble altar of Elyvilon.
  2095 | D:2      | Killed Terence
  2096 | D:2      | Reached XP level 4. HP: 40/40 MP: 3/3
  2454 | D:2      | Found a runed translucent door.
  2455 | D:2      | Noticed Crazy Yiuf
  2561 | D:3      | Reached skill level 1 in Armour
  2561 | D:3      | Reached XP level 5. HP: 36/46 MP: 4/4
  2636 | D:3      | Found a shadowy altar of Dithmenos.
  2666 | D:3      | Reached skill level 5 in Unarmed Combat
  2785 | D:3      | Found an ornate altar of the Wu Jian Council.
  3010 | D:3      | HP: 2/47 [gnoll/+0 club (6)]
  3082 | D:3      | Noticed Natasha
  3087 | D:3      | HP: 2/47 [Natasha/magic dart (7)]
  3088 | D:3      | Killed from afar by Natasha

Illustrated notes

Levels and vault maps discovered:
D:1:      amcnicky_arrival_flooded_fountain, layout_rooms
D:2:      layout_basic, elyvilon_altar_4, uniq_terence, uniq_crazy_yiuf_cottage
D:3:      layout_basic, nzn_wu_jian_contemplation, lemuel_doored_altar,
          grunt_dithmenos_smoke, uniq_natasha

Skill      XL: |  1  2  3  4  5 |
---------------+----------------+-----
Dodging        | 3 |  3.1
Unarmed Combat | 4 5 |  5.4
Fighting       | 4 |  4.4
Armour         | 1 |  1.6
Stealth        | |  2.1

Action                   |  1- 3 |  4- 6 || total
-------------------------+-------+-------++-------
Melee: Unarmed           |   158 |   109 ||   267
       Punch             |     2 |     3 ||     5
Throw: Throwing net      |       |     1 ||     1
  Use: Potion            |     3 |     2 ||     5
       Scroll            |     2 |       ||     2
 Stab: Sleeping          |     3 |     2 ||     5
       Invisible         |     2 |       ||     2
Armor: Robe              |    17 |       ||    17
       Leather armour    |     6 |    12 ||    18
Dodge: Dodged            |   105 |    53 ||   158
